 Dungeon Crawl Stone Soup version 0.15-a0-734-g2b8d6ef (webtiles) character file.

138 4tharraofdagon the Ruffian (level 5, -2/38 HPs)
             Began as a Formicid Transmuter on May 11, 2014.
             Slain by an orc
             ... wielding a +0,+0 dagger
              (4 damage)
             ... on Level 5 of the Dungeon.
             The game lasted 00:05:33 (962 turns).

4tharraofdagon the Ruffian (Formicid Transmuter)     Turns: 962, Time: 00:05:34

HP  -2/38        AC  5     Str 17      XL: 5   Next: 45%
MP   6/11        EV 13     Int 12      God:
Gold 53          SH  0     Dex 14      Spells:  2 memorised,  5 levels left

rFire  . . .     SeeInvis +     f - scroll of blinking {unknown}
rCold  . . .     Clarity  .     c - +0 robe
rNeg   + . .     Conserve .     (no shield)
rPois  .         rCorr    .     (helmet unavailable)
rElec  .         rRot     .     e - +0 cloak
SustAb . .       Spirit   .     (no gloves)
rMut   .         Warding  .     (no boots)
Gourm  .         Stasis   +     (no amulet)
MR     .....                    (no ring)
                                k - ring of positive energy

@: not resistant to hostile enchantments, very unstealthy
A: permanent stasis, dig shafts and tunnels, four strong arms, antennae 3,
yellow scales 1, agile 1, strong 1
a: Dig, Shaft Self


You were on level 5 of the Dungeon.
You were hungry.

You visited 1 branch of the dungeon, and saw 5 of its levels.

You collected 53 gold pieces.

Inventory:

Missiles
 b - 12 arrows
 n - 2 tomahawks (quivered)
Armour
 c - a +0 robe (worn)
 e - a +0 cloak (worn)
Comestibles
 a - 2 bread rations
Scrolls
 f - a scroll of blinking (in hand) {unknown}
 g - 2 scrolls of random uselessness {unknown}
 i - a scroll of fear {unknown}
 j - a scroll of magic mapping {unknown}
Jewellery
 k - a ring of positive energy (left hand)
Potions
 h - a potion of might {unknown}
 m - a potion of cure mutation {unknown}
Books
 d - a book of Changes

   Spells                             Type                      Level
   *Beastly Appendage                 Transmutation                1
   Sticks to Snakes                   Transmutation                2
   *Spider Form                       Transmutation/Poison         3
   Ice Form                           Ice/Transmutation            4
   Blade Hands                        Transmutation                5


   Skills:
 + Level 2.1 Fighting
 + Level 2.6 Dodging
 * Level 4.1 Unarmed Combat
 + Level 2.6 Spellcasting
 + Level 3.1 Transmutations


You had 5 spell levels left.
You knew the following spells:

 Your Spells              Type           Power        Failure   Level  Hunger
a - Beastly Appendage     Trmt           #.....       10%         1    #......
b - Spider Form           Trmt/Pois      #.........   43%         3    ####...


Dungeon Overview and Level Annotations

Branches:
Dungeon (5/15)
 Temple: D:4-7

Altars:
Qazlal
Trog


Innate Abilities, Weirdness & Mutations

Your are under a permanent stasis effect.
You can dig through walls and to a lower floor.
Your four strong arms can wield two-handed weapons with a shield.
You have a pair of large antennae on your head (SInv).*
You are partially covered in yellow scales (AC +2).*
You are agile. (Dex +2)
Your muscles are strong. (Str +2)


Message History

You swing at nothing.
You swing at nothing.
You feel sick.
You are no longer poisoned.
You swing at nothing.
You swing at nothing.
You swing at nothing.
You swing at nothing.
You swing at nothing.
You swing at nothing.
The orc shouts!
You swing at nothing.
The orc hits you but does no damage.
You swing at nothing.
The orc hits you with a dagger.
* * * LOW HITPOINT WARNING * * *
You swing at nothing.
The orc closely misses you. The orc hits you but does no damage.
You swing at nothing.
The orc hits you with a dagger.
* * * LOW HITPOINT WARNING * * *
You swing at nothing.
The orc barely misses you. The orc hits you with a dagger.
You die...

#.# #.# # #.# .. ... #
#.# ... #.# #.# #@# . #o#
...
################.#......
....%....................
################.#######
#.# #.# #.# #.#


You could see an orc.

Vanquished Creatures
  A scorpion (D:5)
  A worker ant (D:4)
  2 adders (D:4)
  A giant mite (D:2)
  An orc skeleton (D:4)
  3 giant geckos
  2 oozes
  An orc (D:5)
  2 bats
  5 goblins
  3 hobgoblins
  3 jackals (D:2)
  A quokka (D:3)
  A giant cockroach (D:1)
  3 giant newts (D:2)
  A giant newt skeleton (D:5)
  3 rats (D:2)
  A rat skeleton (D:4)
35 creatures vanquished.

Vanquished Creatures (others)
  A kobold (D:1)
1 creature vanquished.

Grand Total: 36 creatures vanquished

Notes
Turn   | Place    | Note
--------------------------------------------------------------
     0 | D:1      | 4tharraofdagon, the Formicid Transmuter, began the quest for the Orb.
     0 | D:1      | Reached XP level 1. HP: 15/15 MP: 3/3
    86 | D:2      | Reached XP level 2. HP: 9/21 MP: 3/5
   301 | D:2      | Gained mutation: You are partially covered in yellow scales (AC +2). [potion of mutation]
   301 | D:2      | Gained mutation: You are agile. (Dex +2) [potion of mutation]
   301 | D:2      | Gained mutation: Your muscles are strong. (Str +2) [potion of mutation]
   317 | D:2      | Chei apprentice!
   378 | D:2      | Reached XP level 3. HP: 23/26 MP: 5/7
   434 | D:2      | Learned a level 3 spell: Spider Form
   591 | D:4      | Found a stormy altar of Qazlal.
   648 | D:5      | Entered Level 5 of the Dungeon
   792 | D:4      | Reached XP level 4. HP: 15/33 MP: 0/9
   899 | D:5      | Found a bloodstained altar of Trog.
   900 | D:5      | Noticed a scorpion
   918 | D:5      | Killed a scorpion
   918 | D:5      | Reached skill level 4 in Unarmed Combat
   918 | D:5      | Reached XP level 5. HP: 26/38 MP: 1/11
   962 | D:5      | Slain by an orc

Action                   |  1- 3 |  4- 6 || total
-------------------------+-------+-------++-------
Melee: Unarmed           |    91 |    24 ||   115
 Cast: Beastly Appendage |    14 |     2 ||    16
       Spider Form       |     2 |     2 ||     4
  Use: Potion            |     3 |     2 ||     5
 Stab: Sleeping          |     1 |       ||     1

Vault maps used:
D:1:      lightli_iron_boxes, lemuel_flame_loot_1
D:2:      first_bread
D:3:      nemelex_deck
D:4:      overflow_temple_1_default, nicolae_ossuary_entry_catacombs,
          minmay_divided_ellipse
D:5:      basic_altar
